Map: Base du roi Sejong EC

Players

Jomaseri - Winner!

  • Race: Terran Terran
  • League: Gold
  • Spawn Location: 11:00

zidar

  • Race: Zerg Zerg
  • League: Platinum
  • Spawn Location: 5:00

VOD

Have the link to the VOD?

Description

Time

  • Played on: Oct. 8, 2016, 8:02 a.m.
  • Length: 18:48
Show
View Real Time Build Order
Export as new Build Order

Jomaseri Terran - Winner!

Build Orders:  

Get SALT Encoding   

  12  0:02  SCV  
  14  0:14  SCV  
  14  0:18  Supply Depot  
  14  0:26  SCV  
  15  0:40  SCV  
  15  0:41  Barracks  
  16  0:47  Refinery  
  16  0:52  SCV  
  17  1:04  SCV  
  18  1:16  SCV  
  19  1:28  Orbital Command  
  19  1:29  Supply Depot  
  19  1:30  Reaper  
  20  1:55  SCV  
  21  2:11  Barracks Reactor  
  21  2:14  SCV  
  22  2:29  SCV  
  23  2:31  Command Center  
  23  2:33  Supply Depot  
  23  2:36  Factory  
  23  2:39  Barracks  
  23  2:44  SCV  
  23  2:47  Marine x2  
  26  2:57  SCV  
  26  3:00  Bunker  
  26  3:02  Refinery  
  26  3:09  SCV  
  27  3:13  Marine  
  27  3:14  Marine  
  27  3:19  Supply Depot  
  29  3:22  Factory Tech Lab  
  29  3:23  Starport  
  29  3:25  Factory Reactor  
  29  3:30  Barracks Tech Lab  
  29  3:32  SCV  
  29  3:33  Marine  
  31  3:41  Marine  
  32  3:50  SCV  
  32  3:53  Marine  
  34  3:59  Combat Shield  
  34  4:00  Marine x2  
  36  4:03  SCV  
  41  4:13  Marine  
  41  4:15  Widow Mine, Orbital Command  
  41  4:16  Widow Mine  
  42  4:25  SCV  
  42  4:26  Marine  
  42  4:27  Bunker  
  44  4:32  Marine  
  44  4:34  Marauder  
  47  4:44  SCV x2  
  47  4:45  Marine  
  49  4:52  Medivac  
  54  4:54  Widow Mine  
  54  4:55  Marine  
  54  4:59  SCV x2  
  57  5:06  Supply Depot  
  57  5:11  Marine, Marauder  
  57  5:13  SCV  
  61  5:20  SCV, Engineering Bay  
  62  5:27  Marine  
  63  5:29  SCV, Supply Depot  
  63  5:30  Marine  
  65  5:37  SCV  
  65  5:39  Marauder  
  70  5:47  Widow Mine  
  70  5:50  SCV  
  70  5:51  Starport Reactor  
  70  5:54  Starport Tech Lab  
  73  5:57  SCV  
  73  5:58  Widow Mine  
  73  6:00  Supply Depot  
  73  6:01  Supply Depot  
  73  6:02  Missile Turret, Supply Depot  
  74  6:07  Missile Turret  
  74  6:09  SCV  
  75  6:12  Refinery  
  75  6:15  Refinery  
  75  6:17  SCV  
  76  6:19  Liberator  
  76  6:20  Marine x2  
  79  6:32  SCV  
  79  6:33  SCV  
  79  6:34  Marauder  
  89  6:40  Marine  
  89  6:41  Marine  
  89  6:45  Widow Mine x2  
  91  6:54  SCV x2  
  93  7:05  Marine x2, Marauder  
  93  7:07  Stimpack  
  97  7:09  Engineering Bay  
  97  7:12  Hellion x2  
  97  7:14  SCV  
  102  7:18  Supply Depot  
  102  7:19  SCV  
  102  7:20  Supply Depot  
  103  7:28  Barracks  
  103  7:30  Terran Infantry Weapons Level 1  
  103  7:31  Barracks  
  103  7:32  SCV  
  103  7:33  Hellion  
  103  7:34  SCV, Hellion  
  109  7:42  Marine x2, Marauder  
  113  7:47  Liberator  
  107  8:00  SCV x2  
  107  8:01  Marine x2  
  114  8:09  Terran Infantry Armor Level 1  
  114  8:12  SCV x2  
  120  8:13  Widow Mine x2  
  120  8:14  Marauder  
  120  8:15  Armory  
  120  8:16  Barracks Tech Lab  
  120  8:19  Marine, Barracks Reactor  
  122  8:20  Marine  
  125  8:34  SCV x2  
  126  8:49  Command Center  
  126  8:50  Marine x2  
  126  8:53  SCV x2  
  126  9:09  Hellion x2, Supply Depot, Medivac  
  132  9:13  Concussive Shells, Supply Depot x2  
  132  9:14  Supply Depot  
  132  9:15  Marauder  
  134  9:17  Supply Depot  
  134  9:30  SCV x2  
  134  9:31  Marauder  
  138  9:38  Marine x4, Marauder  
  143  9:39  Medivac  
  146  9:52  Marine, Supply Depot  
  147  9:55  Marine  
  147  9:56  Marine x2  
  147  9:59  Marauder  
  148  10:03  Missile Turret  
  96  10:09  Marine  
  96  10:10  Marauder  
  96  10:12  SCV x2  
  96  10:13  Marine x2  
  96  10:14  Marine  
  108  10:18  Widow Mine x2  
  108  10:21  Marauder  
  108  10:27  Marine, Sensor Tower  
  109  10:31  Marine x3, Marauder  
  108  10:39  Hellion x2, Medivac  
  108  10:42  Marauder  
  108  10:44  Marine  
  107  10:50  Marine  
  107  10:53  Marauder  
  106  11:00  Marine x2  
  106  11:03  Marauder  
  110  11:10  Planetary Fortress, Refinery  
  110  11:12  Refinery  
  110  11:14  Marine, Marauder  
  110  11:15  Marine  
  114  11:23  Marine x2  
  114  11:25  Marauder, Banshee  
  121  11:28  Cloaking Field  
  121  11:31  Terran Infantry Weapons Level 2  
  121  11:33  SCV x2  
  121  11:35  Marauder  
  121  11:38  Marine x2  
  127  11:46  Marauder  
  133  11:47  Widow Mine x2  
  133  11:58  Marine x4, Marauder  
  139  12:05  Factory  
  139  12:06  Starport  
  139  12:08  Marauder, Banshee  
  144  12:09  Hellion x2  
  144  12:11  Barracks  
  148  12:19  Marine x2, Marauder  
  152  12:29  Marauder  
  152  12:30  Hellion x2  
  152  12:33  Marine x2  
  152  12:37  Marine x2  
  156  12:41  Marauder, Terran Infantry Armor Level 2  
  160  12:50  Marine x2, Marauder  
  160  12:51  Banshee  
  167  12:54  Marine  
  168  13:06  Marine, Marauder  
  168  13:08  Marine x2, Factory Tech Lab  
  168  13:09  Starport Reactor  
  168  13:12  Marine, Marauder  
  176  13:23  Marine  
  176  13:26  Marine x2  
  121  13:27  Marauder, Sensor Tower  
  121  13:33  Marine, Marauder, Sensor Tower  
  122  13:36  Barracks Reactor  
  120  13:41  Marine  
  120  13:44  Marine  
  117  13:49  Marauder  
  117  13:54  Marauder  
  120  14:04  Marine x2  
  117  14:10  Marauder  
  117  14:15  Marine x2  
  117  14:16  Marauder  
  115  14:25  Marine  
  115  14:29  Marine x2  
  117  14:31  Marauder  
  117  14:34  Marine x2  
  117  14:37  Marauder  
  111  14:53  Marauder  
  111  14:59  Marauder, Banshee  
  113  15:00  Marine x6  
  113  15:06  Medivac  
  125  15:12  Widow Mine x2  
  127  15:14  Marauder  
  127  15:18  Marine x5  
  127  15:20  Marauder  
  134  15:29  Marine  
  137  15:35  Marine  
  137  15:36  Marine x4, Marauder  
  137  15:41  Marauder  
  137  15:42  Banshee  
  147  15:47  Marine  
  148  15:53  Marine x3  
  148  15:54  Marine x2, Medivac x2  
  159  15:57  Marauder  
  159  16:03  Marauder  
  134  16:05  Marine  
  131  16:11  Marine x4  
  137  16:18  Marauder  
  137  16:20  Marine  
  137  16:23  Marine  
  137  16:24  Marauder  
  137  16:29  Marine x3  
  137  16:32  Marine  
  141  16:40  Marauder  
  141  16:46  Marauder  
  142  17:01  Marauder  
  142  17:07  Marauder  
  125  17:09  Marine x3  
  125  17:10  Marine x3  
  131  17:22  Marauder  
  131  17:27  Marine x4  
  131  17:28  Marine x2, Marauder  
  141  17:44  Marauder  
  141  17:45  Marine  
  141  17:50  Marauder  
  144  18:05  Marauder  
  146  18:10  Orbital Command  
  146  18:11  Marauder  
  138  18:16  Marine  
  136  18:22  Marine  
  136  18:27  Marauder  
Show
View Real Time Build Order
Export as new Build Order

zidar Zerg 

Build Orders: Hatch First, Muta Ling Bane 

Get SALT Encoding   

  12  0:01  Drone  
  13  0:12  Overlord  
  13  0:17  Drone  
  14  0:30  Drone x2  
  16  0:52  Hatchery  
  16  0:54  Drone  
  16  0:58  Extractor  
  16  1:00  Drone  
  16  1:17  Spawning Pool  
  15  1:23  Drone  
  16  1:33  Drone  
  16  1:37  Drone  
  16  1:38  Overlord  
  18  1:54  Drone  
  19  1:58  Drone  
  20  2:08  Queen  
  22  2:10  Queen  
  23  2:24  Zergling x6  
  26  2:38  Drone x4  
  30  3:00  Extractor  
  29  3:10  Drone x6  
  35  3:24  Baneling Nest  
  34  3:27  Drone x2  
  36  3:37  Overlord x2  
  36  3:38  Overlord x2  
  36  3:41  Lair  
  36  3:55  Queen  
  38  4:01  Metabolic Boost  
  38  4:25  Zergling x16  
  38  4:26  Hatchery, Zergling x2  
  38  4:27  Baneling x2  
  46  4:32  Baneling  
  46  4:46  Extractor  
  46  4:49  Extractor  
  44  4:57  Drone x9  
  53  5:27  Zergling x4  
  53  5:28  Zergling x12  
  61  5:42  Drone  
  62  5:49  Drone x4  
  66  5:55  Centrifical Hooks  
  66  6:07  Overlord  
  66  6:08  Overlord x3  
  66  6:16  Spire, Drone  
  66  6:25  Overlord  
  66  6:26  Overlord x2  
  66  6:31  Drone x3  
  69  6:35  Drone x2  
  69  6:37  Drone x3  
  69  6:39  Drone x2  
  76  6:41  Drone  
  77  6:50  Zergling x8  
  77  6:53  Baneling x11  
  81  6:54  Overseer  
  73  7:27  Mutalisk x7  
  87  7:31  Baneling  
  87  7:33  Baneling x3  
  87  7:44  Evolution Chamber  
  85  8:13  Zerg Melee Weapons Level 1  
  85  8:24  Evolution Chamber  
  84  8:27  Drone x6  
  91  8:34  Drone x7  
  97  8:45  Baneling x5  
  97  8:48  Zergling x2  
  97  8:49  Zergling x14  
  101  9:15  Pneumatized Carapace  
  101  9:18  Drone x2  
  101  9:22  Drone x2  
  105  9:30  Extractor  
  104  9:39  Zergling x18  
  83  10:14  Zergling x4, Drone  
  83  10:15  Zergling x30  
  83  10:18  Baneling  
  83  10:19  Baneling x15  
  78  10:57  Zergling x2  
  78  10:58  Zergling x18  
  88  11:20  Baneling  
  88  11:21  Baneling x8  
  88  11:23  Baneling x8  
  88  11:24  Baneling x3  
  88  11:26  Mutalisk x2  
  88  11:27  Mutalisk x5  
  101  11:42  Zergling x8  
  101  11:45  Overlord  
  101  11:46  Overlord x5  
  105  12:02  Zerg Ground Armor Level 1  
  105  12:07  Zerg Melee Weapons Level 2  
  105  12:11  Zergling x18  
  105  12:12  Zergling x8  
  105  12:14  Baneling x11  
  105  12:15  Baneling x2  
  118  12:16  Mutalisk x4  
  126  12:51  Baneling  
  126  12:52  Baneling x14  
  122  13:03  Zergling x28  
  73  14:06  Zergling x2  
  73  14:07  Zergling x32  
  88  14:18  Overseer  
  84  14:27  Mutalisk x4  
  84  14:28  Mutalisk x2  
  56  15:06  Extractor, Zergling x2  
  59  15:07  Zergling x20  
  66  15:24  Zergling x12  
  66  15:28  Baneling x7  
  72  15:29  Baneling x4  
  72  15:31  Zergling x6  
  75  15:47  Hatchery  
  54  16:22  Zergling x28  
  54  16:23  Zergling x8  
  72  16:31  Zergling x2  
  72  16:32  Zergling x2  
  73  16:44  Baneling x9  
  73  16:46  Baneling  
  53  17:35  Zergling x28  
  53  17:36  Zergling x6  
  64  17:48  Zergling x2  
  64  17:49  Zergling x6  
  67  18:18  Zergling x2  
  67  18:19  Zergling x24  
  79  18:23  Baneling x18  
Tags
 
Add a new tag
Caveats
  • Supply blocks, unpowered buildings, or Contaminate may cause inaccurate times.
  • Supply counts are checked every 10 seconds.